Minnesota North Stars vs Tampa Bay Lightning
Created - Saturday, September 21, 2024 at 09:43
Goals
|
| Minnesota North Stars |
1 |
3 |
0 |
0 |
2 |
5 |
| Tampa Bay Lightning |
1 |
1 |
2 |
0 |
1 |
4 |
|
Shots
|
| Minnesota North Stars |
11 |
13 |
7 |
1 |
5 |
32 |
| Tampa Bay Lightning |
10 |
15 |
6 |
0 |
5 |
31 |
|
1st period
1. Tampa Bay Lightning , Gustav Nyquist 5 (Trevor Moore 7, Dylan Cozens 6) at 0:52
2. Minnesota North Stars , Jack Hughes 8 (Rasmus Dahlin 6, Valeri Nichushkin 19) at 2:17
Penalties :
Jack Hughes (MNS) for High sticking (Minor) at 13:47
2nd period
3. Minnesota North Stars , Jack Hughes 9 (Lawson Crouse 7, Brandon Montour 7) at 1:15
4. Minnesota North Stars , Ryan Nugent-Hopkins 6 (Frank Vatrano 15, Charlie Lindgren) at 5:41
5. Tampa Bay Lightning , Kirill Kaprizov 20 (Anze Kopitar 26, Jonathan Huberdeau 7) at 9:03
6. Minnesota North Stars , Brandon Montour 4 (Jack Hughes 13, Viktor Arvidsson 8) at 13:34 (PP)
Penalties :
William Karlsson (MNS) for High sticking (Minor) at 3:14, Dylan Cozens (TBL) for Slashing (Minor) at 13:25
3rd period
7. Tampa Bay Lightning , Roope Hintz 16 (Jonathan Huberdeau 8, Hampus Lindholm 7) at 4:31 (PP)
8. Tampa Bay Lightning , Johnny Gaudreau 9 (Travis Konecny 18, Michael Matheson 7) at 12:30
Penalties :
Brandon Montour (MNS) for Tripping (Minor) at 4:19, Lawson Crouse (MNS) for Roughing (Double Minor) at 13:15
Overtime #1
No Goal
Penalties :
No Penalty
Shootout
Minnesota North Stars, Valeri Nichushkin - Stopped by Jeremy Swayman
Tampa Bay Lightning, Trevor Moore - Stopped by Charlie Lindgren
Minnesota North Stars, William Karlsson - Goal!
Tampa Bay Lightning, Gustav Nyquist - Goal!
Minnesota North Stars, Evgeni Malkin - Shot Misses the Net
Tampa Bay Lightning, Alexander Kerfoot - Shot Misses the Net
Minnesota North Stars, Jack Hughes - Stopped by Jeremy Swayman
Tampa Bay Lightning, Anze Kopitar - Stopped by Charlie Lindgren
Minnesota North Stars, Brock Nelson - Goal!
Tampa Bay Lightning, Jonathan Huberdeau - Stopped by Charlie Lindgren
Penalties :
No Penalty
Goalie Stats
Charlie Lindgren (MNS), 27 saves from 31 shots - (0.871), W, 8-5-1, 65:00 minutes
Jeremy Swayman (TBL), 28 saves from 32 shots - (0.875), OTL, 16-4-4, 65:00 minutes
Players Stats for Minnesota North Stars
Player Name G A P +/- PIM S H SB GA TA FO MP PP MP PK MP
------------------------------------------------------------------------------------
Brandon Montour 1 1 2 0 2 1 0 0 0 1 0/0 18:30 0:09 0:43
Brock Nelson 0 0 0 -2 0 3 2 0 1 2 1/1 14:07 0:00 0:00
Dylan DeMelo 0 0 0 -1 0 2 2 2 1 1 0/0 23:02 0:00 3:54
Evgeni Malkin 0 0 0 -2 0 1 2 0 1 0 5/11 15:07 0:00 1:00
Frank Vatrano 0 1 1 0 0 2 0 0 1 0 0/2 17:21 0:09 3:29
Gustav Forsling 0 0 0 -1 0 0 2 4 0 0 0/0 23:53 0:00 3:54
Jack Hughes 2 1 3 2 2 8 0 0 2 1 7/19 17:35 0:09 0:00
Jeff Skinner 0 0 0 0 0 2 0 0 0 0 0/0 8:16 0:00 0:00
Lawson Crouse 0 1 1 2 4 1 0 0 0 0 0/2 19:24 0:00 2:08
Neal Pionk 0 0 0 1 0 0 2 2 0 2 0/0 22:45 0:09 3:32
Rasmus Dahlin 0 1 1 1 0 1 4 1 0 0 0/0 19:14 0:00 0:43
Ryan Nugent-Hopkins 1 0 1 0 0 1 1 3 0 1 2/6 18:17 0:00 3:29
Samuel Girard 0 0 0 0 0 1 1 1 0 0 0/0 22:35 0:00 3:32
Valeri Nichushkin 0 1 1 2 0 5 2 0 0 0 0/2 18:24 0:00 1:00
Viktor Arvidsson 0 1 1 0 0 2 0 0 1 0 1/1 8:25 0:09 0:00
William Eklund 0 0 0 0 0 0 1 0 0 0 2/3 9:20 0:00 0:00
William Karlsson 0 0 0 0 2 2 1 1 0 1 7/12 18:03 0:00 2:27
Yegor Sharangovich 0 0 0 -2 0 0 0 0 1 0 1/3 17:29 0:00 2:45
Players Stats for Tampa Bay Lightning
Player Name G A P +/- PIM S H SB GA TA FO MP PP MP PK MP
------------------------------------------------------------------------------------
Alexander Kerfoot 0 0 0 0 0 1 0 1 0 0 1/1 9:29 0:00 0:09
Anze Kopitar 0 1 1 1 0 3 1 1 2 0 15/27 22:23 3:41 0:09
Darnell Nurse 0 0 0 2 0 0 2 0 0 0 0/0 20:11 4:02 0:09
Dylan Cozens 0 1 1 -1 2 0 2 0 1 0 5/6 13:47 0:35 0:00
Gustav Nyquist 1 0 1 -1 0 4 0 0 1 1 0/0 12:14 0:13 0:00
Hampus Lindholm 0 1 1 0 0 0 2 1 0 1 0/0 20:40 4:02 0:00
Jason Dickinson 0 0 0 0 0 1 1 0 1 1 0/3 9:00 0:00 0:00
Johnny Gaudreau 1 0 1 0 0 4 0 1 0 0 1/2 18:05 3:41 0:00
Jonathan Huberdeau 0 2 2 1 0 1 1 0 0 0 1/4 20:20 3:31 0:00
Kirill Kaprizov 1 0 1 1 0 4 1 1 0 1 1/2 22:11 3:38 0:00
Michael Matheson 0 1 1 1 0 0 4 3 0 0 0/0 27:23 3:51 0:09
Moritz Seider 0 0 0 -1 0 1 1 0 0 1 0/0 27:40 3:51 0:00
Roope Hintz 1 0 1 0 0 6 2 1 0 0 11/14 17:53 3:31 0:00
Ryan Graves 0 0 0 -1 0 0 2 2 0 0 0/0 16:57 0:16 0:00
TJ Brodie 0 0 0 -1 0 0 1 1 0 2 0/0 17:09 0:16 0:00
Travis Konecny 0 1 1 0 0 5 2 0 2 0 1/2 20:04 3:38 0:00
Trevor Moore 0 1 1 -1 0 0 2 3 0 1 0/1 13:26 0:58 0:00
Tyler Toffoli 0 0 0 0 0 1 1 0 2 0 0/0 10:58 1:01 0:00
3 Stars
1 - Jack Hughes (MNS)
2 - Rasmus Dahlin (MNS)
3 - Ryan Nugent-Hopkins (MNS)
Power Play
Minnesota North Stars - 1 on 1 Attempt(s) - 100.00%
Tampa Bay Lightning - 1 on 5 Attempt(s) - 20.00%
Penalty Kill
Minnesota North Stars - 4 on 5 Attempt(s) - 80.00%
- Score 0 goal in Penalty Kill
Tampa Bay Lightning - 0 on 1 Attempt(s) - 0.00%
- Score 0 goal in Penalty Kill
Team Stat
Minnesota North Stars - Hits : 20 - Faceoff Wins : 26 - Blocked Shots : 14 - Penalty Minutes : 10
Tampa Bay Lightning - Hits : 25 - Faceoff Wins : 36 - Blocked Shots : 15 - Penalty Minutes : 2
Official
Referees : Kevin Pollock and Morgan Macphee
Linesman : Shandor Alphonso and Devin Berg
Game Notes
No Game Note
Finance
Level 1 -- Attendance: 5777 (96.28%) -- Ticket Income $548,815
Level 2 -- Attendance: 5000 (100.00%) -- Ticket Income $275,000
Level 3 -- Attendance: 3000 (100.00%) -- Ticket Income $96,000
Level 4 -- Attendance: 5000 (100.00%) -- Ticket Income $110,000
Luxury Box -- Attendance: 1000 (100.00%) -- Ticket Income $193,000
Game was played at the Tampa Bay Times Forum.
Total Attendance: 19777 (98.89%)
Total Ticket Income: $1,222,815
Other Income: $427,985
Total Income: $1,650,800
Minnesota North Stars
5 vs 5 Forward
Center Left Wing Right Wing Time % Phy DF OF
1 Jack Hughes Valeri Nichushkin Lawson Crouse 29 1 2 2
2 William Karlsson Ryan Nugent-Hopkins Frank Vatrano 28 1 2 2
3 Evgeni Malkin Brock Nelson Yegor Sharangovich 28 1 2 2
4 William Eklund Viktor Arvidsson Jeff Skinner 15 1 2 2
5 vs 5 Defense
Defense Defense Time % Phy DF OF
1 Rasmus Dahlin Neal Pionk 34 1 2 2
2 Gustav Forsling Dylan DeMelo 33 1 2 2
3 Brandon Montour Samuel Girard 33 1 2 2
4 Rasmus Dahlin Gustav Forsling 0 1 2 2
PowerPlay Forward
Center Left Wing Right Wing Time % Phy DF OF
1 Jack Hughes Viktor Arvidsson Frank Vatrano 50 1 2 2
2 William Karlsson William Eklund Jeff Skinner 50 1 2 2
PowerPlay Defense
Defense Defense Time % Phy DF OF
1 Rasmus Dahlin Gustav Forsling 50 1 2 2
2 Neal Pionk Brandon Montour 50 1 2 2
Penalty Kill 4 Players Forward
Center Wing Time % Phy DF OF
1 William Karlsson Lawson Crouse 50 1 2 2
2 Ryan Nugent-Hopkins Frank Vatrano 50 1 2 2
Penalty Kill 4 Players Defense
Defense Defense Time % Phy DF OF
1 Dylan DeMelo Gustav Forsling 50 1 2 2
2 Neal Pionk Samuel Girard 50 1 2 2
Penalty Kill - 3 Players Forward
Forward Time % Phy DF OF
1 Ryan Nugent-Hopkins 50 1 3 1
2 William Karlsson 50 1 3 1
Penalty Kill - 3 Players Defense
Defense Defense Time % Phy DF OF
1 Rasmus Dahlin Gustav Forsling 50 1 3 1
2 Neal Pionk Brandon Montour 50 1 3 1
4 vs 4 Forward
Center Wing Time % Phy DF OF
1 Jack Hughes Valeri Nichushkin 50 1 2 2
2 William Karlsson Lawson Crouse 50 1 2 2
4 vs 4 Defense
Defense Defense Time % Phy DF OF
1 Dylan DeMelo Gustav Forsling 50 1 2 2
2 Neal Pionk Samuel Girard 50 1 2 2
Last Minutes Offensive
Center Left Wing Right Wing Defense Defense
William Karlsson Valeri Nichushkin Frank Vatrano Rasmus Dahlin Gustav Forsling
Last Minutes Defensive
Center Left Wing Right Wing Defense Defense
William Karlsson Valeri Nichushkin Frank Vatrano Rasmus Dahlin Gustav Forsling
Goaltenders
Starting : Charlie Lindgren
Backup : Stuart Skinner
Extra Forwards
Normal : William Eklund, Ryan Nugent-Hopkins, Yegor Sharangovich - PP : William Eklund, Ryan Nugent-Hopkins - PK : Yegor Sharangovich
Extra Defensemen
Normal : Dylan DeMelo, Samuel Girard, Neal Pionk - PP : Dylan DeMelo - PK : Samuel Girard, Neal Pionk
Penalty Shots
Valeri Nichushkin, William Karlsson, Evgeni Malkin, Jack Hughes, Brock Nelson
Scratches
Santtu Kinnunen (Healthy), Eeli Tolvanen (Healthy), Evan Rodrigues (Healthy), Roni Hirvonen (Healthy), Oskari Salminen (Healthy)
Tampa Bay Lightning
5 vs 5 Forward
Center Left Wing Right Wing Time % Phy DF OF
1 Anze Kopitar Kirill Kaprizov Jonathan Huberdeau 35 0 2 3
2 Roope Hintz Johnny Gaudreau Travis Konecny 30 0 3 2
3 Dylan Cozens Trevor Moore Gustav Nyquist 20 0 4 1
4 Jason Dickinson Tyler Toffoli Alexander Kerfoot 15 0 5 0
5 vs 5 Defense
Defense Defense Time % Phy DF OF
1 Moritz Seider Hampus Lindholm 30 1 2 2
2 Michael Matheson Darnell Nurse 30 1 2 2
3 TJ Brodie Ryan Graves 25 1 2 2
4 Moritz Seider Michael Matheson 15 1 2 2
PowerPlay Forward
Center Left Wing Right Wing Time % Phy DF OF
1 Roope Hintz Johnny Gaudreau Jonathan Huberdeau 50 1 2 2
2 Anze Kopitar Kirill Kaprizov Travis Konecny 50 1 2 2
PowerPlay Defense
Defense Defense Time % Phy DF OF
1 Michael Matheson Moritz Seider 50 1 2 2
2 Darnell Nurse Hampus Lindholm 50 1 2 2
Penalty Kill 4 Players Forward
Center Wing Time % Phy DF OF
1 Jason Dickinson Trevor Moore 50 1 2 2
2 Dylan Cozens Alexander Kerfoot 50 1 2 2
Penalty Kill 4 Players Defense
Defense Defense Time % Phy DF OF
1 Moritz Seider Ryan Graves 50 1 2 2
2 Michael Matheson Hampus Lindholm 50 1 2 2
Penalty Kill - 3 Players Forward
Forward Time % Phy DF OF
1 Anze Kopitar 50 1 2 2
2 Jason Dickinson 50 1 2 2
Penalty Kill - 3 Players Defense
Defense Defense Time % Phy DF OF
1 Michael Matheson Ryan Graves 50 1 2 2
2 Moritz Seider TJ Brodie 50 1 2 2
4 vs 4 Forward
Center Wing Time % Phy DF OF
1 Anze Kopitar Kirill Kaprizov 50 1 2 2
2 Dylan Cozens Travis Konecny 50 1 2 2
4 vs 4 Defense
Defense Defense Time % Phy DF OF
1 Michael Matheson TJ Brodie 50 1 2 2
2 Moritz Seider Ryan Graves 50 1 2 2
Last Minutes Offensive
Center Left Wing Right Wing Defense Defense
Anze Kopitar Kirill Kaprizov Travis Konecny Michael Matheson Moritz Seider
Last Minutes Defensive
Center Left Wing Right Wing Defense Defense
Anze Kopitar Jason Dickinson Alexander Kerfoot Moritz Seider Michael Matheson
Goaltenders
Starting : Jeremy Swayman
Backup : Darcy Kuemper
Extra Forwards
Normal : Travis Konecny, Tyler Toffoli, Trevor Moore - PP : Tyler Toffoli, Trevor Moore - PK : Anze Kopitar
Extra Defensemen
Normal : Michael Matheson, Moritz Seider, TJ Brodie - PP : TJ Brodie - PK : Darnell Nurse, TJ Brodie
Penalty Shots
Trevor Moore, Gustav Nyquist, Alexander Kerfoot, Anze Kopitar, Jonathan Huberdeau
Scratches
None
% Time on Ice - Minnesota North Stars
Lines # - Real PCT - Wanted PCT - Time Play
Normal Forward
1 - 30% - 29% - 15:36
2 - 27% - 28% - 13:43
3 - 27% - 28% - 14:07
4 - 16% - 15% - 8:16
Normal Defense
1 - 34% - 34% - 17:22
2 - 32% - 33% - 16:33
3 - 33% - 33% - 16:56
4 - 2% - 0% - 0:51
PP Forward
1 - 100% - 50% - 0:09
2 - 0% - 50% - 0:00
PP Defense
1 - 0% - 50% - 0:00
2 - 100% - 50% - 0:09
PK Forward
1 - 57% - 50% - 4:40
2 - 43% - 50% - 3:29
PK Defense
1 - 57% - 50% - 4:37
2 - 43% - 50% - 3:32
PK3 Forward
1 - 0% - 50%
2 - 0% - 50%
PK3 Defense
1 - 0% - 50%
2 - 0% - 50%
44 Forward
1 - 51% - 50% - 2:34
2 - 49% - 50% - 2:26
44 Defense
1 - 54% - 50% - 2:41
2 - 46% - 50% - 2:19
Last Minute Offensive - 0:00
Last Minute Defensive - 0:00
Total
Forward - 65:00
Defense - 65:00
|
% Time on Ice - Tampa Bay Lightning
Lines # - Real PCT - Wanted PCT - Time Play
Normal Forward
1 - 33% - 35% - 17:13
2 - 29% - 30% - 14:59
3 - 21% - 20% - 10:51
4 - 17% - 15% - 8:39
Normal Defense
1 - 30% - 30% - 15:35
2 - 29% - 30% - 15:12
3 - 28% - 25% - 14:27
4 - 13% - 15% - 6:28
PP Forward
1 - 47% - 50% - 3:52
2 - 53% - 50% - 4:17
PP Defense
1 - 51% - 50% - 4:07
2 - 49% - 50% - 4:02
PK Forward
1 - 0% - 50% - 0:00
2 - 100% - 50% - 0:09
PK Defense
1 - 0% - 50% - 0:00
2 - 100% - 50% - 0:09
PK3 Forward
1 - 0% - 50%
2 - 0% - 50%
PK3 Defense
1 - 0% - 50%
2 - 0% - 50%
44 Forward
1 - 53% - 50% - 2:40
2 - 47% - 50% - 2:20
44 Defense
1 - 44% - 50% - 2:12
2 - 56% - 50% - 2:48
Last Minute Offensive - 0:00
Last Minute Defensive - 0:00
Total
Forward - 65:00
Defense - 65:00
|
Play-by-Play
1st period
0:01 of 1st period - Anze Kopitar wins face-off versus Jack Hughes in neutral zone.
0:36 of 1st period - Wrist shot by Frank Vatrano.
0:36 of 1st period - Stopped by Jeremy Swayman without a rebound.
0:37 of 1st period - Evgeni Malkin wins face-off versus Dylan Cozens in Tampa Bay Lightning zone.
0:38 of 1st period - Snap shot by Brock Nelson.
0:38 of 1st period - Shot Misses the Net.
0:52 of 1st period - Slapshot by Gustav Nyquist.
0:52 of 1st period - Goal by Gustav Nyquist - Minnesota North Stars : 0 - Tampa Bay Lightning : 1.
0:53 of 1st period - Alexander Kerfoot wins face-off versus William Eklund in neutral zone.
0:56 of 1st period - Brandon Montour is hit by Ryan Graves and loses puck.
1:19 of 1st period - Brandon Montour is hit by Travis Konecny and loses puck.
1:24 of 1st period - Wrist shot by Travis Konecny.
1:24 of 1st period - Shot Misses the Net.
1:39 of 1st period - Off-side.
1:40 of 1st period - Anze Kopitar wins face-off versus William Karlsson in neutral zone.
1:43 of 1st period - Ryan Nugent-Hopkins is hit by Michael Matheson and loses puck.
2:06 of 1st period - Trevor Moore is hit by Gustav Forsling and loses puck.
2:15 of 1st period - Snap shot by Valeri Nichushkin.
2:15 of 1st period - Shot Blocked by Trevor Moore.
2:17 of 1st period - Slapshot by Rasmus Dahlin.
2:17 of 1st period - Deflect By Jack Hughes.
2:17 of 1st period - Goal by Jack Hughes - Minnesota North Stars : 1 - Tampa Bay Lightning : 1.
2:18 of 1st period - Roope Hintz wins face-off versus Jack Hughes in neutral zone.
2:31 of 1st period - Wrist shot by Roope Hintz.
2:31 of 1st period - Shot Misses the Net.
4:26 of 1st period - Dylan DeMelo is hit by Hampus Lindholm and loses puck.
5:18 of 1st period - Snap shot by William Karlsson.
5:18 of 1st period - Deflect By Frank Vatrano.
5:18 of 1st period - Shot Blocked by Michael Matheson.
5:18 of 1st period - Puck is out of play.
5:19 of 1st period - William Eklund wins face-off versus Jonathan Huberdeau in Tampa Bay Lightning zone.
5:33 of 1st period - Wrist shot by Kirill Kaprizov.
5:33 of 1st period - Stopped by Charlie Lindgren without a rebound.
5:34 of 1st period - Roope Hintz wins face-off versus Ryan Nugent-Hopkins in Minnesota North Stars zone.
5:37 of 1st period - Snap shot by Roope Hintz.
5:37 of 1st period - Shot Misses the Net.
5:39 of 1st period - Snap shot by Travis Konecny.
5:39 of 1st period - Stopped by Charlie Lindgren with a rebound.
5:41 of 1st period - Snap shot by Travis Konecny.
5:41 of 1st period - Stopped by Charlie Lindgren without a rebound.
5:42 of 1st period - William Karlsson wins face-off versus Roope Hintz in Minnesota North Stars zone.
5:55 of 1st period - Backhand shot by Johnny Gaudreau.
5:55 of 1st period - Shot Blocked by William Karlsson.
5:57 of 1st period - Slapshot by Michael Matheson.
5:57 of 1st period - Shot Blocked by Samuel Girard.
6:41 of 1st period - Snap shot by Travis Konecny.
6:41 of 1st period - Stopped by Charlie Lindgren without a rebound.
6:42 of 1st period - Anze Kopitar wins face-off versus Jack Hughes in Minnesota North Stars zone.
7:19 of 1st period - Wrist shot by Jeff Skinner.
7:19 of 1st period - Stopped by Jeremy Swayman without a rebound.
7:20 of 1st period - Jack Hughes wins face-off versus Jason Dickinson in Tampa Bay Lightning zone.
7:33 of 1st period - Slapshot by Valeri Nichushkin.
7:33 of 1st period - Shot Hit the Post.
7:35 of 1st period - Wrist shot by Valeri Nichushkin.
7:35 of 1st period - Shot Misses the Net.
7:37 of 1st period - Wrist shot by Jack Hughes.
7:37 of 1st period - Stopped by Jeremy Swayman with a rebound.
7:58 of 1st period - Kirill Kaprizov is hit by Rasmus Dahlin and loses puck.
8:15 of 1st period - Ryan Nugent-Hopkins is hit by TJ Brodie and loses puck.
8:54 of 1st period - Wrist shot by Jack Hughes.
8:54 of 1st period - Shot Blocked by Johnny Gaudreau.
9:02 of 1st period - Slapshot by Johnny Gaudreau.
9:02 of 1st period - Stopped by Charlie Lindgren without a rebound.
9:03 of 1st period - Evgeni Malkin wins face-off versus Anze Kopitar in Minnesota North Stars zone.
9:32 of 1st period - Snap shot by Brock Nelson.
9:32 of 1st period - Shot Misses the Net.
9:40 of 1st period - Slapshot by Gustav Nyquist.
9:40 of 1st period - Stopped by Charlie Lindgren with a rebound.
9:50 of 1st period - Snap shot by Viktor Arvidsson.
9:50 of 1st period - Shot Misses the Net.
10:10 of 1st period - Ryan Nugent-Hopkins is hit by Travis Konecny and loses puck.
10:18 of 1st period - Snap shot by Frank Vatrano.
10:18 of 1st period - Stopped by Jeremy Swayman without a rebound.
10:19 of 1st period - Kirill Kaprizov wins face-off versus Jack Hughes in Tampa Bay Lightning zone.
10:19 of 1st period - Kirill Kaprizov is hit by Neal Pionk.
10:30 of 1st period - Snap shot by Anze Kopitar.
10:30 of 1st period - Stopped by Charlie Lindgren without a rebound.
10:31 of 1st period - Anze Kopitar wins face-off versus Evgeni Malkin in Minnesota North Stars zone.
11:01 of 1st period - Hampus Lindholm is hit by Rasmus Dahlin and loses puck.
11:55 of 1st period - Slapshot by Jeff Skinner.
11:55 of 1st period - Stopped by Jeremy Swayman with a rebound.
11:57 of 1st period - Wrist shot by Brandon Montour.
11:57 of 1st period - Shot Blocked by Roope Hintz.
12:25 of 1st period - Wrist shot by Valeri Nichushkin.
12:25 of 1st period - Stopped by Jeremy Swayman without a rebound.
12:26 of 1st period - Dylan Cozens wins face-off versus Lawson Crouse in Tampa Bay Lightning zone.
12:36 of 1st period - Off-side.
12:37 of 1st period - Evgeni Malkin wins face-off versus Anze Kopitar in neutral zone.
12:42 of 1st period - Snap shot by Brock Nelson.
12:42 of 1st period - Stopped by Jeremy Swayman without a rebound.
12:43 of 1st period - Jonathan Huberdeau wins face-off versus Evgeni Malkin in Tampa Bay Lightning zone.
12:52 of 1st period - Slapshot by Yegor Sharangovich.
12:52 of 1st period - Shot Misses the Net.
12:54 of 1st period - Wrist shot by Brock Nelson.
12:54 of 1st period - Stopped by Jeremy Swayman with a rebound.
12:56 of 1st period - Slapshot by Neal Pionk.
12:56 of 1st period - Shot Misses the Net.
12:58 of 1st period - Snap shot by Yegor Sharangovich.
12:58 of 1st period - Shot Blocked by Ryan Graves.
13:00 of 1st period - Slapshot by Neal Pionk.
13:00 of 1st period - Shot Blocked by TJ Brodie.
13:10 of 1st period - Backhand shot by Valeri Nichushkin.
13:10 of 1st period - Shot Blocked by Ryan Graves.
13:20 of 1st period - Snap shot by Gustav Nyquist.
13:20 of 1st period - Shot Misses the Net.
13:32 of 1st period - Wrist shot by Frank Vatrano.
13:32 of 1st period - Shot Misses the Net.
13:34 of 1st period - Wrist shot by Frank Vatrano.
13:34 of 1st period - Deflect By William Karlsson.
13:34 of 1st period - Stopped by Jeremy Swayman without a rebound.
13:35 of 1st period - William Karlsson wins face-off versus Jonathan Huberdeau in Tampa Bay Lightning zone.
13:39 of 1st period - Icing by Kirill Kaprizov.
13:40 of 1st period - Anze Kopitar wins face-off versus Jack Hughes in Tampa Bay Lightning zone.
13:47 of 1st period - Minor Penalty to Jack Hughes for High sticking.
13:48 of 1st period - Roope Hintz wins face-off versus Lawson Crouse in Minnesota North Stars zone.
15:47 of 1st period - Penalty to Jack Hughes is over, Jack Hughes is back on ice.
16:16 of 1st period - Jason Dickinson is hit by Samuel Girard and loses puck.
16:55 of 1st period - Johnny Gaudreau is hit by Rasmus Dahlin and loses puck.
17:08 of 1st period - Yegor Sharangovich is hit by Dylan Cozens and loses puck.
18:11 of 1st period - Lawson Crouse is hit by Roope Hintz and loses puck.
18:31 of 1st period - Wrist shot by Kirill Kaprizov.
18:31 of 1st period - Stopped by Charlie Lindgren with a rebound.
19:19 of 1st period - Snap shot by Roope Hintz.
19:19 of 1st period - Stopped by Charlie Lindgren with a rebound.
19:39 of 1st period - Slapshot by Valeri Nichushkin.
19:39 of 1st period - Stopped by Jeremy Swayman with a rebound.
Goals for this period are 1 for Minnesota North Stars vs 1 for Tampa Bay Lightning.
Shots for this period are 11 for Minnesota North Stars vs 10 for Tampa Bay Lightning.
2nd period
0:01 of 2nd period - Anze Kopitar wins face-off versus Frank Vatrano in neutral zone.
0:08 of 2nd period - Wrist shot by Kirill Kaprizov.
0:08 of 2nd period - Deflect By Jonathan Huberdeau.
0:08 of 2nd period - Shot Blocked by Neal Pionk.
0:08 of 2nd period - Puck is out of play.
0:09 of 2nd period - Anze Kopitar wins face-off versus William Karlsson in Minnesota North Stars zone.
0:28 of 2nd period - Slapshot by Anze Kopitar.
0:28 of 2nd period - Deflect By Jonathan Huberdeau.
0:28 of 2nd period - Shot Blocked by Ryan Nugent-Hopkins.
0:28 of 2nd period - Puck is out of play.
0:29 of 2nd period - Roope Hintz wins face-off versus Valeri Nichushkin in Minnesota North Stars zone.
0:42 of 2nd period - Wrist shot by Travis Konecny.
0:42 of 2nd period - Stopped by Charlie Lindgren without a rebound.
0:43 of 2nd period - William Karlsson wins face-off versus Anze Kopitar in Minnesota North Stars zone.
0:54 of 2nd period - Ryan Nugent-Hopkins is hit by Jonathan Huberdeau and loses puck.
1:15 of 2nd period - Backhand shot by Jack Hughes.
1:15 of 2nd period - Goal by Jack Hughes - Minnesota North Stars : 2 - Tampa Bay Lightning : 1.
1:16 of 2nd period - Evgeni Malkin wins face-off versus Anze Kopitar in neutral zone.
1:30 of 2nd period - Wrist shot by Yegor Sharangovich.
1:30 of 2nd period - Shot Misses the Net.
1:46 of 2nd period - Slapshot by Roope Hintz.
1:46 of 2nd period - Shot Blocked by Gustav Forsling.
1:48 of 2nd period - Backhand shot by Johnny Gaudreau.
1:48 of 2nd period - Shot Misses the Net.
1:50 of 2nd period - Slapshot by Moritz Seider.
1:50 of 2nd period - Shot Misses the Net.
1:52 of 2nd period - Slapshot by Moritz Seider.
1:52 of 2nd period - Stopped by Charlie Lindgren without a rebound.
1:53 of 2nd period - William Karlsson wins face-off versus Roope Hintz in Minnesota North Stars zone.
1:58 of 2nd period - Snap shot by Travis Konecny.
1:58 of 2nd period - Shot Misses the Net.
2:20 of 2nd period - Slapshot by Brock Nelson.
2:20 of 2nd period - Stopped by Jeremy Swayman without a rebound.
2:21 of 2nd period - Anze Kopitar wins face-off versus Evgeni Malkin in Tampa Bay Lightning zone.
2:21 of 2nd period - Anze Kopitar is hit by Evgeni Malkin.
2:59 of 2nd period - Icing by Moritz Seider.
3:00 of 2nd period - Roope Hintz wins face-off versus William Karlsson in Tampa Bay Lightning zone.
3:14 of 2nd period - Minor Penalty to William Karlsson for High sticking.
3:15 of 2nd period - Yegor Sharangovich wins face-off versus Travis Konecny in Minnesota North Stars zone.
3:15 of 2nd period - Yegor Sharangovich is hit by Darnell Nurse.
4:38 of 2nd period - Icing by Travis Konecny.
4:39 of 2nd period - Anze Kopitar wins face-off versus Yegor Sharangovich in Tampa Bay Lightning zone.
4:43 of 2nd period - Icing by Johnny Gaudreau.
4:44 of 2nd period - Roope Hintz wins face-off versus Yegor Sharangovich in Tampa Bay Lightning zone.
4:44 of 2nd period - Roope Hintz is hit by Gustav Forsling.
4:50 of 2nd period - Snap shot by Roope Hintz.
4:50 of 2nd period - Stopped by Charlie Lindgren without a rebound.
4:51 of 2nd period - Travis Konecny wins face-off versus Ryan Nugent-Hopkins in Minnesota North Stars zone.
5:04 of 2nd period - Wrist shot by Kirill Kaprizov.
5:04 of 2nd period - Shot Blocked by Dylan DeMelo.
5:06 of 2nd period - Slapshot by Hampus Lindholm.
5:06 of 2nd period - Shot Blocked by Gustav Forsling.
5:14 of 2nd period - Penalty to William Karlsson is over, William Karlsson is back on ice.
5:29 of 2nd period - Wrist shot by Roope Hintz.
5:29 of 2nd period - Shot Misses the Net.
5:41 of 2nd period - Snap shot by Ryan Nugent-Hopkins.
5:41 of 2nd period - Goal by Ryan Nugent-Hopkins - Minnesota North Stars : 3 - Tampa Bay Lightning : 1.
5:42 of 2nd period - Jack Hughes wins face-off versus Jonathan Huberdeau in neutral zone.
5:57 of 2nd period - Slapshot by Jack Hughes.
5:57 of 2nd period - Stopped by Jeremy Swayman with a rebound.
6:31 of 2nd period - Wrist shot by Gustav Nyquist.
6:31 of 2nd period - Stopped by Charlie Lindgren with a rebound.
6:39 of 2nd period - Wrist shot by Gustav Nyquist.
6:39 of 2nd period - Stopped by Charlie Lindgren without a rebound.
6:40 of 2nd period - Anze Kopitar wins face-off versus Jack Hughes in Minnesota North Stars zone.
6:43 of 2nd period - Snap shot by Anze Kopitar.
6:43 of 2nd period - Stopped by Charlie Lindgren with a rebound.
6:45 of 2nd period - Slapshot by TJ Brodie.
6:45 of 2nd period - Shot Blocked by Rasmus Dahlin.
6:47 of 2nd period - Snap shot by Jonathan Huberdeau.
6:47 of 2nd period - Shot Misses the Net.
7:07 of 2nd period - Roope Hintz is hit by Rasmus Dahlin and loses puck.
7:58 of 2nd period - Slapshot by Tyler Toffoli.
7:58 of 2nd period - Deflect By Jeff Skinner.
7:58 of 2nd period - Stopped by Charlie Lindgren without a rebound.
7:59 of 2nd period - Dylan Cozens wins face-off versus Valeri Nichushkin in Minnesota North Stars zone.
8:00 of 2nd period - Snap shot by Gustav Nyquist.
8:00 of 2nd period - Shot Misses the Net.
8:14 of 2nd period - Wrist shot by Valeri Nichushkin.
8:14 of 2nd period - Shot Blocked by Michael Matheson.
8:16 of 2nd period - Wrist shot by Valeri Nichushkin.
8:16 of 2nd period - Stopped by Jeremy Swayman without a rebound.
8:17 of 2nd period - Anze Kopitar wins face-off versus Evgeni Malkin in Tampa Bay Lightning zone.
8:22 of 2nd period - Snap shot by Jonathan Huberdeau.
8:22 of 2nd period - Stopped by Charlie Lindgren with a rebound.
8:24 of 2nd period - Snap shot by Anze Kopitar.
8:24 of 2nd period - Stopped by Charlie Lindgren without a rebound.
8:25 of 2nd period - Brock Nelson wins face-off versus Anze Kopitar in Minnesota North Stars zone.
9:01 of 2nd period - Slapshot by Anze Kopitar.
9:01 of 2nd period - Shot Misses the Net.
9:03 of 2nd period - Slapshot by Kirill Kaprizov.
9:03 of 2nd period - Goal by Kirill Kaprizov - Minnesota North Stars : 3 - Tampa Bay Lightning : 2.
9:04 of 2nd period - Jack Hughes wins face-off versus Roope Hintz in neutral zone.
9:36 of 2nd period - Off-side.
9:37 of 2nd period - William Karlsson wins face-off versus Anze Kopitar in neutral zone.
9:40 of 2nd period - Slapshot by Rasmus Dahlin.
9:40 of 2nd period - Shot Blocked by Kirill Kaprizov.
9:53 of 2nd period - Snap shot by Frank Vatrano.
9:53 of 2nd period - Shot Blocked by Michael Matheson.
10:13 of 2nd period - Snap shot by Roope Hintz.
10:13 of 2nd period - Stopped by Charlie Lindgren with a rebound.
10:15 of 2nd period - Wrist shot by Johnny Gaudreau.
10:15 of 2nd period - Stopped by Charlie Lindgren with a rebound.
10:25 of 2nd period - Snap shot by Jack Hughes.
10:25 of 2nd period - Shot Misses the Net.
10:27 of 2nd period - Slapshot by Rasmus Dahlin.
10:27 of 2nd period - Stopped by Jeremy Swayman without a rebound.
10:28 of 2nd period - Dylan Cozens wins face-off versus Evgeni Malkin in Tampa Bay Lightning zone.
11:03 of 2nd period - Snap shot by Evgeni Malkin.
11:03 of 2nd period - Stopped by Jeremy Swayman with a rebound.
11:48 of 2nd period - Trevor Moore is hit by Dylan DeMelo and loses puck.
11:53 of 2nd period - Wrist shot by Evgeni Malkin.
11:53 of 2nd period - Shot Blocked by Trevor Moore.
12:33 of 2nd period - Dylan Cozens is hit by Brock Nelson.
13:25 of 2nd period - Minor Penalty to Dylan Cozens for Slashing.
13:26 of 2nd period - Jack Hughes wins face-off versus Anze Kopitar in Tampa Bay Lightning zone.
13:28 of 2nd period - Slapshot by Jack Hughes.
13:28 of 2nd period - Stopped by Jeremy Swayman without a rebound.
13:29 of 2nd period - Jack Hughes wins face-off versus Anze Kopitar in Tampa Bay Lightning zone.
13:32 of 2nd period - Wrist shot by Jack Hughes.
13:32 of 2nd period - Stopped by Jeremy Swayman with a rebound.
13:34 of 2nd period - Slapshot by Brandon Montour.
13:34 of 2nd period - Goal by Brandon Montour - Minnesota North Stars : 4 - Tampa Bay Lightning : 2.
13:35 of 2nd period - Anze Kopitar wins face-off versus Jack Hughes in neutral zone.
14:52 of 2nd period - Wrist shot by Viktor Arvidsson.
14:52 of 2nd period - Shot Blocked by Anze Kopitar.
15:04 of 2nd period - Snap shot by Kirill Kaprizov.
15:04 of 2nd period - Stopped by Charlie Lindgren without a rebound.
15:05 of 2nd period - Roope Hintz wins face-off versus Frank Vatrano in Minnesota North Stars zone.
15:34 of 2nd period - Icing by Alexander Kerfoot.
15:35 of 2nd period - Jack Hughes wins face-off versus Jason Dickinson in Tampa Bay Lightning zone.
15:42 of 2nd period - Snap shot by Valeri Nichushkin.
15:42 of 2nd period - Shot Blocked by Hampus Lindholm.
15:44 of 2nd period - Slapshot by Dylan DeMelo.
15:44 of 2nd period - Deflect By Moritz Seider.
15:44 of 2nd period - Stopped by Jeremy Swayman with a rebound.
15:46 of 2nd period - Slapshot by Valeri Nichushkin.
15:46 of 2nd period - Stopped by Jeremy Swayman without a rebound.
15:47 of 2nd period - Roope Hintz wins face-off versus Ryan Nugent-Hopkins in Tampa Bay Lightning zone.
16:14 of 2nd period - William Karlsson is hit by Dylan Cozens and loses puck.
18:09 of 2nd period - Slapshot by Valeri Nichushkin.
18:09 of 2nd period - Shot Misses the Net.
18:11 of 2nd period - Slapshot by Samuel Girard.
18:11 of 2nd period - Stopped by Jeremy Swayman without a rebound.
18:12 of 2nd period - Roope Hintz wins face-off versus William Karlsson in Tampa Bay Lightning zone.
18:21 of 2nd period - Slapshot by Moritz Seider.
18:21 of 2nd period - Shot Misses the Net.
18:39 of 2nd period - Lawson Crouse is hit by Moritz Seider and loses puck.
18:50 of 2nd period - Jonathan Huberdeau is hit by Dylan DeMelo and loses puck.
19:37 of 2nd period - Snap shot by Tyler Toffoli.
19:37 of 2nd period - Shot Misses the Net.
19:41 of 2nd period - Snap shot by Alexander Kerfoot.
19:41 of 2nd period - Stopped by Charlie Lindgren with a rebound.
19:45 of 2nd period - Snap shot by Tyler Toffoli.
19:45 of 2nd period - Shot Blocked by Ryan Nugent-Hopkins.
19:47 of 2nd period - Slapshot by Jason Dickinson.
19:47 of 2nd period - Stopped by Charlie Lindgren without a rebound.
19:48 of 2nd period - Roope Hintz wins face-off versus Jack Hughes in Minnesota North Stars zone.
Goals for this period are 3 for Minnesota North Stars vs 1 for Tampa Bay Lightning.
Shots for this period are 13 for Minnesota North Stars vs 15 for Tampa Bay Lightning.
3rd period
0:01 of 3rd period - Anze Kopitar wins face-off versus Jack Hughes in neutral zone.
0:13 of 3rd period - Icing by Brandon Montour.
0:14 of 3rd period - Johnny Gaudreau wins face-off versus Jack Hughes in Minnesota North Stars zone.
0:33 of 3rd period - Snap shot by Valeri Nichushkin.
0:33 of 3rd period - Stopped by Jeremy Swayman with a rebound.
2:15 of 3rd period - Roope Hintz is hit by William Eklund and loses puck.
2:28 of 3rd period - Ryan Nugent-Hopkins is hit by Anze Kopitar and loses puck.
2:49 of 3rd period - Dylan DeMelo is hit by Trevor Moore and loses puck.
3:25 of 3rd period - Rasmus Dahlin is hit by Ryan Graves.
3:40 of 3rd period - Gustav Forsling is hit by Michael Matheson and loses puck.
4:19 of 3rd period - Minor Penalty to Brandon Montour for Tripping.
4:20 of 3rd period - Roope Hintz wins face-off versus Ryan Nugent-Hopkins in Minnesota North Stars zone.
4:25 of 3rd period - Wrist shot by Roope Hintz.
4:25 of 3rd period - Stopped by Charlie Lindgren with a rebound.
4:27 of 3rd period - Slapshot by Hampus Lindholm.
4:27 of 3rd period - Shot Blocked by Ryan Nugent-Hopkins.
4:29 of 3rd period - Snap shot by Jonathan Huberdeau.
4:29 of 3rd period - Shot Blocked by Neal Pionk.
4:31 of 3rd period - Wrist shot by Roope Hintz.
4:31 of 3rd period - Goal by Roope Hintz - Minnesota North Stars : 4 - Tampa Bay Lightning : 3.
4:32 of 3rd period - William Karlsson wins face-off versus Anze Kopitar in neutral zone.
5:07 of 3rd period - Wrist shot by Travis Konecny.
5:07 of 3rd period - Stopped by Charlie Lindgren with a rebound.
5:09 of 3rd period - Snap shot by Roope Hintz.
5:09 of 3rd period - Stopped by Charlie Lindgren without a rebound.
5:10 of 3rd period - Viktor Arvidsson wins face-off versus Anze Kopitar in Minnesota North Stars zone.
6:13 of 3rd period - Wrist shot by Jack Hughes.
6:13 of 3rd period - Stopped by Jeremy Swayman without a rebound.
6:14 of 3rd period - Dylan Cozens wins face-off versus Evgeni Malkin in Tampa Bay Lightning zone.
6:41 of 3rd period - Neal Pionk is hit by Michael Matheson and loses puck.
6:51 of 3rd period - Slapshot by Dylan DeMelo.
6:51 of 3rd period - Deflect By Kirill Kaprizov.
6:51 of 3rd period - Stopped by Jeremy Swayman without a rebound.
6:52 of 3rd period - Ryan Nugent-Hopkins wins face-off versus Johnny Gaudreau in Tampa Bay Lightning zone.
6:53 of 3rd period - Snap shot by William Karlsson.
6:53 of 3rd period - Stopped by Jeremy Swayman with a rebound.
6:55 of 3rd period - Slapshot by Dylan DeMelo.
6:55 of 3rd period - Shot Misses the Net.
7:30 of 3rd period - Wrist shot by Jack Hughes.
7:30 of 3rd period - Stopped by Jeremy Swayman without a rebound.
7:31 of 3rd period - William Karlsson wins face-off versus Jason Dickinson in Tampa Bay Lightning zone.
7:36 of 3rd period - Snap shot by Frank Vatrano.
7:36 of 3rd period - Shot Blocked by Alexander Kerfoot.
7:58 of 3rd period - Neal Pionk is hit by Michael Matheson and loses puck.
8:43 of 3rd period - Wrist shot by Gustav Nyquist.
8:43 of 3rd period - Shot Misses the Net.
9:29 of 3rd period - Slapshot by Anze Kopitar.
9:29 of 3rd period - Deflect By Kirill Kaprizov.
9:29 of 3rd period - Shot Misses the Net.
9:29 of 3rd period - Puck is out of play.
9:30 of 3rd period - Anze Kopitar wins face-off versus Jack Hughes in Minnesota North Stars zone.
9:57 of 3rd period - William Karlsson is hit by Roope Hintz and loses puck.
10:18 of 3rd period - Snap shot by Viktor Arvidsson.
10:18 of 3rd period - Deflect By Travis Konecny.
10:18 of 3rd period - Stopped by Jeremy Swayman without a rebound.
10:19 of 3rd period - William Eklund wins face-off versus Kirill Kaprizov in Tampa Bay Lightning zone.
10:53 of 3rd period - Frank Vatrano is hit by Jason Dickinson and loses puck.
11:11 of 3rd period - Roope Hintz is hit by Evgeni Malkin and loses puck.
11:44 of 3rd period - Snap shot by Valeri Nichushkin.
11:44 of 3rd period - Shot Blocked by Trevor Moore.
12:30 of 3rd period - Snap shot by Johnny Gaudreau.
12:30 of 3rd period - Goal by Johnny Gaudreau - Minnesota North Stars : 4 - Tampa Bay Lightning : 4.
12:31 of 3rd period - Evgeni Malkin wins face-off versus Anze Kopitar in neutral zone.
12:58 of 3rd period - Michael Matheson is hit by Valeri Nichushkin and loses puck.
13:09 of 3rd period - Backhand shot by Johnny Gaudreau.
13:09 of 3rd period - Stopped by Charlie Lindgren with a rebound.
13:15 of 3rd period - Double Minor Penalty to Lawson Crouse for Roughing.
13:16 of 3rd period - Ryan Nugent-Hopkins wins face-off versus Anze Kopitar in Minnesota North Stars zone.
13:31 of 3rd period - Snap shot by Kirill Kaprizov.
13:31 of 3rd period - Shot Misses the Net.
13:33 of 3rd period - Slapshot by Moritz Seider.
13:33 of 3rd period - Shot Blocked by Dylan DeMelo.
13:51 of 3rd period - Snap shot by Johnny Gaudreau.
13:51 of 3rd period - Shot Blocked by Gustav Forsling.
13:53 of 3rd period - Wrist shot by Roope Hintz.
13:53 of 3rd period - Shot Misses the Net.
14:35 of 3rd period - Frank Vatrano is hit by Kirill Kaprizov and loses puck.
15:30 of 3rd period - Samuel Girard is hit by Trevor Moore.
16:44 of 3rd period - Hampus Lindholm is hit by Ryan Nugent-Hopkins and loses puck.
16:57 of 3rd period - Roope Hintz is hit by Valeri Nichushkin and loses puck.
17:15 of 3rd period - Penalty to Lawson Crouse is over, Lawson Crouse is back on ice.
18:12 of 3rd period - Snap shot by Jeff Skinner.
18:12 of 3rd period - Shot Misses the Net.
18:14 of 3rd period - Snap shot by Viktor Arvidsson.
18:14 of 3rd period - Stopped by Jeremy Swayman with a rebound.
18:16 of 3rd period - Slapshot by Samuel Girard.
18:16 of 3rd period - Deflect By Jeff Skinner.
18:16 of 3rd period - Shot Misses the Net.
18:16 of 3rd period - Puck is out of play.
18:17 of 3rd period - Jack Hughes wins face-off versus Trevor Moore in Tampa Bay Lightning zone.
18:34 of 3rd period - Rasmus Dahlin is hit by Tyler Toffoli.
18:48 of 3rd period - Jason Dickinson is hit by Brock Nelson and loses puck.
19:06 of 3rd period - Dylan DeMelo is hit by Hampus Lindholm and loses puck.
Goals for this period are 0 for Minnesota North Stars vs 2 for Tampa Bay Lightning.
Shots for this period are 7 for Minnesota North Stars vs 6 for Tampa Bay Lightning.
Overtime #1
0:01 of 1st overtime period - Anze Kopitar wins face-off versus Jack Hughes in neutral zone.
0:17 of 1st overtime period - Off-side.
0:18 of 1st overtime period - Dylan Cozens wins face-off versus William Karlsson in neutral zone.
0:27 of 1st overtime period - Travis Konecny is hit by William Karlsson and loses puck.
0:53 of 1st overtime period - Slapshot by Anze Kopitar.
0:53 of 1st overtime period - Shot Misses the Net.
0:55 of 1st overtime period - Slapshot by Kirill Kaprizov.
0:55 of 1st overtime period - Shot Blocked by Gustav Forsling.
1:05 of 1st overtime period - Wrist shot by William Karlsson.
1:05 of 1st overtime period - Deflect By Lawson Crouse.
1:05 of 1st overtime period - Stopped by Jeremy Swayman with a rebound.
2:04 of 1st overtime period - Travis Konecny is hit by Neal Pionk and loses puck.
3:22 of 1st overtime period - Snap shot by Trevor Moore.
3:22 of 1st overtime period - Shot Misses the Net.
3:34 of 1st overtime period - Rasmus Dahlin is hit by Darnell Nurse and loses puck.
3:47 of 1st overtime period - Snap shot by Ryan Nugent-Hopkins.
3:47 of 1st overtime period - Shot Misses the Net.
Goals for this period are 0 for Minnesota North Stars vs 0 for Tampa Bay Lightning.
Shots for this period are 1 for Minnesota North Stars vs 0 for Tampa Bay Lightning.
ShootOut
5:00 of 1st overtime period - Round #1.
5:00 of 1st overtime period - Minnesota North Stars, Valeri Nichushkin.
5:00 of 1st overtime period - Snap shot by Valeri Nichushkin.
5:00 of 1st overtime period - Stopped by Jeremy Swayman.
5:00 of 1st overtime period - Tampa Bay Lightning, Trevor Moore.
5:00 of 1st overtime period - Deke by Trevor Moore.
5:00 of 1st overtime period - Stopped by Charlie Lindgren.
5:00 of 1st overtime period - Round #2.
5:00 of 1st overtime period - Minnesota North Stars, William Karlsson.
5:00 of 1st overtime period - Wrist shot by William Karlsson.
5:00 of 1st overtime period - Goal by William Karlsson.
5:00 of 1st overtime period - Tampa Bay Lightning, Gustav Nyquist.
5:00 of 1st overtime period - Wrist shot by Gustav Nyquist.
5:00 of 1st overtime period - Goal by Gustav Nyquist.
5:00 of 1st overtime period - Round #3.
5:00 of 1st overtime period - Minnesota North Stars, Evgeni Malkin.
5:00 of 1st overtime period - Backhand shot by Evgeni Malkin.
5:00 of 1st overtime period - Shot Misses the Net.
5:00 of 1st overtime period - Tampa Bay Lightning, Alexander Kerfoot.
5:00 of 1st overtime period - Wrist shot by Alexander Kerfoot.
5:00 of 1st overtime period - Shot Misses the Net.
5:00 of 1st overtime period - Round #4.
5:00 of 1st overtime period - Minnesota North Stars, Jack Hughes.
5:00 of 1st overtime period - Deke by Jack Hughes.
5:00 of 1st overtime period - Stopped by Jeremy Swayman.
5:00 of 1st overtime period - Tampa Bay Lightning, Anze Kopitar.
5:00 of 1st overtime period - Snap shot by Anze Kopitar.
5:00 of 1st overtime period - Stopped by Charlie Lindgren.
5:00 of 1st overtime period - Round #5.
5:00 of 1st overtime period - Minnesota North Stars, Brock Nelson.
5:00 of 1st overtime period - Wrist shot by Brock Nelson.
5:00 of 1st overtime period - Goal by Brock Nelson.
5:00 of 1st overtime period - Tampa Bay Lightning, Jonathan Huberdeau.
5:00 of 1st overtime period - Deke by Jonathan Huberdeau.
5:00 of 1st overtime period - Stopped by Charlie Lindgren.
Back to the Top